 Dungeon Sprint DCSS version 0.30-a0-341-g682706514a (webtiles) character file.

Game seed: 208915422091352570

154 retardedninja the Cleaver (level 9, 0/93 HPs)
             Began as a Hill Orc Fighter on Nov 1, 2022.
             Was an Initiate of Gozag.
             Slain by a nine-headed hydra (6 damage)
             ... summoned by a witch
             ... in the Dungeon (Sprint VI: "Thunderdome").
             The game lasted 00:06:33 (753 turns).

retardedninja the Cleaver (Hill Orc Fighter)         Turns: 753, Time: 00:06:34

Health: 0/93       AC: 15    Str: 23    XL:     9   Next: 95%
Magic:  9/9        EV: 10    Int: 18    God:    Gozag
Gold:   47         SH:  6    Dex:  5    Spells: 8/8 levels left

rFire   + + +      SeeInvis +    d - +5 broad axe of Sain {vorpal, rF+ Str-2 Int+3}
rCold   + . .      Faith    .    c - +0 buckler
rNeg    + + +      Spirit   .    b - +0 scale mail
rPois   +          Reflect  .    i - +5 helmet of the Lair of Beasts {+Blink rF+ Int+4 SInv}
rElec   +          Harm     .    (no cloak)
rCorr   +          Rampage  .    (no gloves)
Will    ++...      NoTele   +    (no boots)
Stlth   +.........               p - amulet "Cizime" {+Blink rPois Will++ Regen+ Str-4}
HPRegen 1.15/turn                o - ring of Qaz Jasu {+Blink Fly rN+ rCorr Int+3}
MPRegen 0.11/turn                q - ring "Kieniw" {+Blink rN++ Str+6 Dex-5 Stlth+}

@: resistant, gold aura, flying, hasted, very quick
A: no striking features
a: Renounce Religion, Evoke Blink, Potion Petition, Call Merchant, Bribe Branch


You were in the Dungeon.
You worshipped Gozag.
Gozag was noncommittal.
You visited 1 branch You collected 1520 gold pieces.
You spent 1473 gold pieces at shops.

Inventory:

Hand Weapons
 d - the +5 broad axe of Sain (weapon) {vorpal, rF+ Str-2 Int+3}
   (You bought it in a shop in the Dungeon)

   It inflicts extra damage upon your enemies.
   Str:       It affects your strength (-2).
   Int:       It affects your intelligence (+3).
   rF:        It protects you from fire.
Armour
 b - a +0 scale mail (worn)
 c - a +0 buckler (worn)
 i - the +5 helmet of the Lair of Beasts (worn) {+Blink rF+ Int+4 SInv}
   (You bought it in a shop in the Dungeon)

   Int:       It affects your intelligence (+4).
   rF:        It protects you from fire.
   SInv:      It lets you see invisible.
   +Blink:    It lets you blink.
Jewellery
 o - the ring of Qaz Jasu (left hand) {+Blink Fly rN+ rCorr Int+3}
   (You bought it in a shop in the Dungeon)

   [ring of resist corrosion]

   Int:       It affects your intelligence (+3).
   rN:        It protects you from negative energy.
   Fly:       It grants you flight.
   +Blink:    It lets you blink.
   rCorr:     It protects you from acid and corrosion.
 p - the amulet "Cizime" (around neck) {+Blink rPois Will++ Regen+ Str-4}
   (You bought it in a shop in the Dungeon)

   [amulet of regeneration]

   Str:       It affects your strength (-4).
   rPois:     It protects you from poison.
   +Blink:    It lets you blink.
   Regen:     It increases your rate of health regeneration.
   Will:      It greatly increases your willpower.
 q - the ring "Kieniw" (right hand) {+Blink rN++ Str+6 Dex-5 Stlth+}
   (You bought it in a shop in the Dungeon)

   [ring of strength]

   Str:       It affects your strength (+6).
   Dex:       It affects your dexterity (-5).
   rN:        It greatly protects you from negative energy.
   +Blink:    It lets you blink.
   Stlth:     It makes you more stealthy.
Wands
 l - a wand of light (3) (quivered)
Scrolls
 j - 4 scrolls of blinking
 m - 3 scrolls of fog
Potions
 g - 2 potions of haste
 h - 2 potions of magic


   Skills:
 + Level 13.1 Fighting
 + Level 14.9 Axes
 + Level 12.5 Armour
 + Level 4.4 Dodging
 + Level 2.1 Stealth
 + Level 11.4 Shields
 + Level 1.9 Evocations


You had 8 spell levels left.
You didn't know any spells.
Your spell library was empty.

Dungeon Overview and Level Annotations

Branches:
Dungeon (1/1)

Altars:
Cheibriados
Dithmenos
Fedhas
Gozag
Kikubaaqudgha
Makhleb
Okawaru
Qazlal
Ru
Sif Muna
Trog
Uskayaw
Vehumet
Wu Jian
Xom
Yredelemnul
Zin
The Shining One
Beogh
Lugonu

Shops:
D *[??*?*:[((!!!!


Message History

The witch gestures at you while chanting.
The ball explodes into a vile cloud!
The stinking cloud engulfs you but does no damage.
The stinking cloud engulfs the witch but does no damage.
You hit the witch.
The witch is almost dead.
You closely miss the witch.
The witch is almost dead.
You barely miss the eight-headed hydra.
The goliath frog is no longer distracted by gold.
The goliath frog is distracted by your dazzling golden aura.
The witch is engulfed in noxious fumes.
You block the witch's attack.
Unknown command.
You barely miss the witch.
The witch is almost dead.
You hack one of the eight-headed hydra's heads off!
The seven-headed hydra grows two more!
You hit the nine-headed hydra.
You block the nine-headed hydra's attack.
The nine-headed hydra bites you!
* * * LOW HITPOINT WARNING * * *
The nine-headed hydra bites you.
* * * LOW HITPOINT WARNING * * *
The nine-headed hydra bites you but does no damage.
You block the nine-headed hydra's attack.
The nine-headed hydra bites you but does no damage. x3
The nine-headed hydra bites you.
* * * LOW HITPOINT WARNING * * *
The goliath frog is no longer distracted by gold.
The witch is engulfed in noxious fumes.
The witch gestures wildly while chanting.
A four-headed hydra appears.
The nine-headed hydra bites you!
* * * LOW HITPOINT WARNING * * *
The nine-headed hydra bites you!
* * * LOW HITPOINT WARNING * * *
You block the nine-headed hydra's attack.
The nine-headed hydra bites you but does no damage.
The nine-headed hydra barely misses you.
The nine-headed hydra bites you.
You die...
Your body crumbles into a pile of gold.

#∩.......∩# #........_#
#_......._# #_......._#
###.........###
#⌠...........⌠#
##.8.........8.######
.......###..D.°..__∩##
.....8.# #.8..p☼@...∩###
.......###....FD.......##
....###...###....$.....⌠#
[...# #.<.# #....[.....⌠#
..[.###...###..........⌠#
.......###.............##
.....8.# #.8........∩###
_......###.....[_._∩##
##.8.........8.######


You could see a nine-headed hydra (summoned), a four-headed hydra (summoned), a
goliath frog and a witch (invisible).

Vanquished Creatures
  A bunyip (D)
  A hydra (D)
  2 guardian mummies (D)
  Sigmund (D)
  Menkaure (D)
  A scorpion (D)
  2 necrophages (D)
  2 wights (D)
  6 killer bees (D)
  A hound (D)
  Jessica (D)
  A mummy (D)
  A dart slug (D)
  An endoplasm (D)
  A jackal skeleton (D)
23 creatures vanquished.

Notes
Turn   | Place    | Note
-------+----------+-------------------------------------------
     0 | D        | retardedninja the Hill Orc Fighter began the quest for the
                  | Orb.
     0 | D        | Reached XP level 1. HP: 19/19 MP: 1/1
     1 | D        | Found an ancient bone altar of Kikubaaqudgha.
     2 | D        | Found a blossoming altar of Fedhas.
     2 | D        | Found a sacrificial altar of Ru.
     3 | D        | Found a basalt altar of Yredelemnul.
     4 | D        | Found a glowing golden altar of the Shining One.
     4 | D        | Found a stormy altar of Qazlal.
     4 | D        | Found Cuic's Staff Store.
     4 | D        | Found Kapse's Magic Scroll Shop.
     5 | D        | Found a hide-covered altar of Uskayaw.
     5 | D        | Found Peesoseu's Must-Have Magic.
     5 | D        | Found Feffosse's Magic Scroll Shop.
     5 | D        | Round 1.
    25 | D        | Found an iron altar of Okawaru.
    26 | D        | Found an opulent altar of Gozag.
    28 | D        | Found Odet's Jewellery.
    28 | D        | Found Yneiqag's Advanced Armour.
    34 | D        | Became a worshipper of Gozag Ym Sagoz the Greedy
    35 | D        | Found Xenome's Identification Station.
    35 | D        | Found a snail-covered altar of Cheibriados.
    35 | D        | Found a shimmering altar of Xom.
    35 | D        | Found a radiant altar of Vehumet.
    37 | D        | Bought a brightly glowing glass ring for 45 gold pieces
    37 | D        | Identified the ring of Qaz Jasu {+Blink Fly rN+ rCorr
                  | Int+3} (You bought it in a shop in the Dungeon)
    37 | D        | Bought a warped diamond amulet for 45 gold pieces
    37 | D        | Identified the amulet "Cizime" {+Blink rPois Will++ Regen+
                  | Str-4} (You bought it in a shop in the Dungeon)
    37 | D        | Bought a translucent pewter ring for 45 gold pieces
    37 | D        | Identified the ring "Kieniw" {+Blink rN++ Str+6 Dex-5
                  | Stlth+} (You bought it in a shop in the Dungeon)
    42 | D        | Noticed a hound
    58 | D        | Noticed Sigmund
    60 | D        | Killed a hound
    61 | D        | Reached skill level 5 in Fighting
    61 | D        | Reached skill level 3 in Axes
    61 | D        | Reached XP level 2. HP: 29/29 MP: 2/2
    61 | D        | Reached XP level 3. HP: 36/36 MP: 3/3
    62 | D        | Found a corrupted altar of Lugonu.
    75 | D        | Killed Sigmund
    76 | D        | Reached skill level 5 in Axes
    76 | D        | Reached XP level 4. HP: 19/49 MP: 4/4
    76 | D        | Reached XP level 5. HP: 22/56 MP: 5/5
    86 | D        | Noticed Jessica
    97 | D        | Killed Jessica
    98 | D        | Reached skill level 6 in Axes
    98 | D        | Reached XP level 6. HP: 60/62 MP: 6/6
   126 | D        | Arena points: 14 (+14) [x2]
   146 | D        | Bought a faintly humming helmet for 332 gold pieces
   146 | D        | Identified the +5 helmet of the Lair of Beasts {+Blink rF+
                  | Int+4 SInv} (You bought it in a shop in the Dungeon)
   157 | D        | Found a bloodstained altar of Trog.
   157 | D        | Found a burning altar of Makhleb.
   157 | D        | Found Naon's Premium Goods.
   157 | D        | Found Radoyr's Miscellaneous Merchandise.
   158 | D        | Found Ranoluth's Basic Armour.
   164 | D        | Found Tusoad's Weapon Rack.
   164 | D        | Found a glowing silver altar of Zin.
   164 | D        | Found an ornate altar of the Wu Jian Council.
   164 | D        | Found a shimmering blue altar of Sif Muna.
   175 | D        | Found a roughly hewn altar of Beogh.
   177 | D        | Found a shadowy altar of Dithmenos.
   178 | D        | Round 2.
   180 | D        | Found Ciaph's Do-It-Yourself Clinic.
   181 | D        | Found Hettab's Distillery.
   182 | D        | Found Haleasak's Bottled Wisdom.
   182 | D        | Found Kehimod's Distillery.
   201 | D        | Reached skill level 7 in Axes
   239 | D        | Reached skill level 10 in Fighting
   239 | D        | Reached XP level 7. HP: 72/72 MP: 7/7
   246 | D        | Arena points: 50 (+36) [x3]
   247 | D        | Reached skill level 8 in Axes
   306 | D        | Round 3.
   321 | D        | Bought a potion of experience for 300 gold pieces
   321 | D        | Reached skill level 10 in Axes
   321 | D        | Reached skill level 10 in Armour
   321 | D        | Reached XP level 8. HP: 82/82 MP: 8/8
   443 | D        | Reached skill level 11 in Axes
   443 | D        | Reached skill level 10 in Shields
   451 | D        | Arena points: 134 (+84) [x4]
   507 | D        | Round 4.
   538 | D        | Noticed a guardian mummy
   545 | D        | Noticed Menkaure
   549 | D        | Noticed a guardian mummy
   556 | D        | Killed a guardian mummy
   561 | D        | Killed Menkaure
   562 | D        | Reached skill level 12 in Axes
   564 | D        | Killed a guardian mummy
   565 | D        | Reached XP level 9. HP: 36/90 MP: 9/9
   598 | D        | Bought the +5 broad axe of Sain {vorpal, rF+ Str-2 Int+3}
                  | for 706 gold pieces
   691 | D        | Arena points: 154 (+20) [x1]
   706 | D        | Round 5.
   706 | D        | Noticed a bunyip
   719 | D        | Killed a bunyip
   720 | D        | Reached skill level 14 in Axes
   720 | D        | Reached skill level 1 in Stealth
   720 | D        | Reached skill level 1 in Evocations
   722 | D        | Noticed a five-headed hydra
   727 | D        | Noticed a witch
   731 | D        | Killed an eight-headed hydra
   735 | D        | Noticed a goliath frog
   749 | D        | Noticed an eight-headed hydra
   753 | D        | Slain by a nine-headed hydra

Illustrated notes

Levels and vault maps discovered:
D:        arena_sprint

Skill      XL: |  1  2  3  4  5  6  7  8  9 |
---------------+----------------------------+-----
Fighting       | 5 8 10 11 12 13 | 13.1
Axes           | 3 5 6 7 10 12 14 | 14.9
Armour         | 4 7 9 10 11 12 | 12.5
Shields        | 4 7 8 9 10 11 | 11.4
Dodging        | 2 3 4 |  4.4
Stealth        | 2 |  2.1
Evocations     | 1 |  1.9

Action                   |  1- 3 |  4- 6 |  7- 9 || total
-------------------------+-------+-------+-------++-------
Melee: War axe           |    21 |    37 |    65 ||   123
       Broad axe         |       |       |    30 ||    30
Evoke: Wand              |       |       |     7 ||     7
  Use: Potion            |     1 |       |    10 ||    11
 Stab: Distracted        |       |       |     1 ||     1
       Invisible         |       |       |     1 ||     1
Armor: Scale mail        |    13 |    13 |    41 ||    67
Dodge: Dodged            |    14 |    20 |    46 ||    80
Block: Buckler           |     6 |    13 |    25 ||    44

Table legend: (Time is in decaauts)
 A = Elapsed time spent in this place.
 B = Non-inter-level travel time spent in this place.
 C = Inter-level travel time spent in this place.
 D = Time resting spent in this place.
 E = Time spent auto-exploring this place.
 F = Levels seen in this place.
 G = Mean time per level.
                   A        B        C        D        E       F      G
               +--------+--------+--------+--------+--------+-----+--------+
         Total |    759 |    749 |     10 |    112 |     82 |   1 |  759.0 |
       Dungeon |    759 |    749 |     10 |    112 |     82 |   1 |  759.0 |
               +--------+--------+--------+--------+--------+-----+--------+

Top non-repeatable levels by time:
       D: 759 daAuts
